 Dungeon Crawl Stone Soup version 0.25-a0-603-g0321be95db (webtiles) character file.

Game seed: 10442737843542831582, levelgen mode: deterministic

2263 Gynju the Covert (level 9, -10/43 HPs)
             Began as a Spriggan Enchanter on Mar 16, 2020.
             Was an Initiate of Gozag.
             Killed by divine providence
             ... invoked by an orc priest
              (16 damage)
             ... on level 7 of the Dungeon.
             The game lasted 00:21:40 (10513 turns).

Gynju the Covert (Spriggan Enchanter)              Turns: 10513, Time: 00:21:41

Health: -10/43     AC:  2    Str:  4    XL:     9   Next: 15%
Magic:  15/24      EV: 21    Int: 20    God:    Gozag
Gold:   685        SH:  0    Dex: 16    Spells: 16/28 levels left

rFire    . . .     SeeInvis +   a - +2 dagger
rCold    . . .     Gourm    .   (shield restricted)
rNeg     . . .     Faith    .   b - +0 robe
rPois    .         Spirit   .   (helmet restricted)
rElec    .         Reflect  .   (no cloak)
rCorr    .         Harm     .   (gloves unavailable)
MR       +....                  (boots unavailable)
Stlth    ++++......             (no amulet)
HPRegen  0.14/turn              (no ring)
MPRegen  0.19/turn              (no ring)

@: gold aura, very quick
A: very small, unfitting armour, see invisible, herbivore, speed 3, slow
metabolism 2
a: Potion Petition, Call Merchant, Bribe Branch, Renounce Religion


You were on level 7 of the Dungeon.
You worshipped Gozag.
Gozag was pleased with you.
You were not hungry.

You visited 2 branches of the dungeon, and saw 8 of its levels.

You collected 740 gold pieces.
You paid 55 gold pieces to Gozag.

Inventory:

Hand Weapons
 a - a +2 dagger (weapon)
Missiles
 e - 13 poisoned darts (quivered)
Armour
 b - a +0 robe (worn)
Wands
 q - a wand of acid (10)
 r - a wand of polymorph (6)
Scrolls
 c - 5 scrolls of identify {@r1}
 f - 5 scrolls of remove curse {@r2}
 i - a scroll of fog
 m - 2 scrolls of teleportation
 n - 4 scrolls of fear
 s - 2 scrolls of magic mapping
 u - a scroll of blinking {unknown}
Potions
 g - a potion of curing {@q1}
 h - 2 potions of flight
 j - 2 potions of degeneration
 k - 2 potions of invisibility
 o - 2 potions of resistance
 p - a potion of might
 t - a potion of brilliance {unknown}
 v - a potion of haste {unknown}
Comestibles
 d - 12 rations


   Skills:
 + Level 2.5 Fighting
 - Level 1.1 Short Blades
 + Level 5.6 Dodging
 - Level 10.1 Stealth
 - Level 10.0 Spellcasting
 - Level 5.0 Hexes
 + Level 3.3 Ice Magic


You had 16 spell levels left.
You knew the following spells:

 Your Spells              Type           Power        Failure   Level  Hunger
a - Corona                Hex            ####...      1%          1    None
b - Ensorcelled Hibernat  Hex/Ice        ####..       1%          2    None
c - Confusing Touch       Hex            ####....     2%          3    None
d - Tukima's Dance        Hex            ####....     2%          3    None
e - Dazzling Flash        Conj/Hex       ###...       8%          3    None

Your spell library contained the following spells:

 Spells                   Type           Power        Failure   Level  Hunger
 Summon Small Mammal      Summ           ##..         7%          1    None
 Summon Guardian Golem    Hex/Summ       ###.....     8%          3    None
 Call Imp                 Summ           ##......     11%         2    None
 Call Canine Familiar     Summ           ##......     21%         3    None
 Summon Ice Beast         Ice/Summ       ###.....     34%         4    ##.....
 Summon Lightning Spire   Summ/Air       ##......     56%         4    ##.....


Dungeon Overview and Level Annotations

Branches:
Dungeon (7/15)             Temple (1/1) D:4

Altars:
Ashenzari
Cheibriados
Dithmenos
Elyvilon
Fedhas
Gozag
Hepliaklqana
Kikubaaqudgha
Makhleb
Nemelex Xobeh
Okawaru
Qazlal
Ru
Sif Muna
Trog
Uskayaw
Vehumet
Wu Jian
Xom
Yredelemnul
Zin
The Shining One

Shops:
D:7 *(

Annotations:
D:3 exclusions: 2 orcs, orc priest and orc warrior, Howlingfantods's ghost, weakling MiFi
D:4 exclusion: orc wizard
D:6 2 transporters, exclusions: orc and orc wizard, An17's ghost, novice VSTm


Innate Abilities, Weirdness & Mutations

You are very small and have problems with some larger weapons.
You are too small for most types of armour.
You have supernaturally acute eyesight. (SInv)
You are a herbivore.
You cover ground extremely quickly.
You need to consume almost no food.


Message History

The orc wizard misses you.
The orc wizard mumbles some strange words.
The orc wizard flickers and vanishes for a moment.
Casting: Ensorcelled Hibernation (safe; 1% risk of failure)
Confirm with . or Enter, or press ? or * to list all spells.
Aiming: Ensorcelled Hibernation (safe; 1% risk of failure)
Press: ? - help, Shift-Dir - straight line, f/p - orc wizard
Aim: an orc wizard, wielding a +0 dagger and wearing a +0 robe (chance to defeat MR: 55%)
The orc wizard looks drowsy...
Marking area around an orc wizard as unsafe for travelling.
The helpless orc wizard fails to defend itself.
You skewer the orc wizard like a kebab!!!
You kill the orc wizard!
The orc priest calls down the wrath of Beogh upon you.
Beogh smites you!
* * * LOW HITPOINT WARNING * * *
The orc priest mumbles some strange prayers to Beogh against you.
Beogh smites you!
You die...
Your body crumbles into a pile of gold.

###.#*#.......# *.............#
.....##.......####*#.............
...............#.###.............
,,,,#.............#..$...#.....##
,,**###......###.<[......#...o...
,,,,,*#.....##*##.$..$...........
**,,.......##.##.$.......#.......
***##.......>#)....#.#..##.....#
**#..#...##...@#..#.##.#......#
***......####.#..............#..#
,,,........#..#$<......##...###..
,,,,,,,........o........#....#...
,,,,,,,*#......o............)....
,,,,,,**##..........##..###......
*,,,,,**##...............###.o...
,,,*,,*#.......).....(....##.o##.
*,,**,*#........(.......o.##..#..


You could see an orc priest and an orc wizard (invisible).

Vanquished Creatures
  Grinder (D:3)
  Eustachio (D:6)
  An orc warrior (D:6)
  An ogre (D:4)
  A sky beast (D:6)
  An ice beast (D:5)
  2 centaurs (D:7)
  A crocodile (D:6)
  Blork the orc (D:6)
  2 scorpions
  5 killer bees
  5 howler monkeys
  2 crimson imps (D:6)
  3 hounds
  A jelly (D:5)
  An orc priest (D:7)
  A bullfrog skeleton (D:6)
  An iguana (D:4)
  2 orc wizards (D:7)
  Terence (D:3)
  2 worker ants
  A killer bee zombie (D:5)
  A howler monkey zombie (D:6)
  2 worker ant zombies
  3 gnolls
  17 adders
  A shadow imp (D:7)
  6 oozes
  An adder zombie (D:6)
  An adder skeleton (D:6)
  4 worms
  4 dart slugs
  4 leopard geckos
  9 orcs
  8 giant cockroaches
  4 hobgoblins
  8 jackals
  7 kobolds
  A quokka (D:2)
  7 ball pythons
  3 bats (D:1)
  5 frilled lizards
  8 goblins
  8 rats
149 creatures vanquished.

Notes
Turn   | Place    | Note
-------+----------+-------------------------------------------
     0 | D:1      | Gynju the Spriggan Enchanter began the quest for the Orb.
     0 | D:1      | Reached XP level 1. HP: 9/9 MP: 5/5
   500 | D:1      | Reached skill level 5 in Stealth
   500 | D:1      | Reached XP level 2. HP: 13/13 MP: 7/7
   504 | D:1      | Learned a level 2 spell: Ensorcelled Hibernation
  1725 | D:2      | Reached XP level 3. HP: 5/16 MP: 1/9
  2083 | D:2      | Noticed a phantom
  2884 | D:3      | Noticed Terence
  2887 | D:3      | Killed Terence
  2887 | D:3      | Reached XP level 4. HP: 21/21 MP: 6/11
  3408 | D:3      | Noticed Grinder
  3479 | D:3      | Learned a level 3 spell: Confusing Touch
  3483 | D:3      | Learned a level 3 spell: Tukima's Dance
  3487 | D:3      | Learned a level 3 spell: Dazzling Flash
  3503 | D:3      | Killed Grinder
  3503 | D:3      | Reached XP level 5. HP: 24/24 MP: 8/14
  3503 | D:3      | Reached XP level 6. HP: 28/28 MP: 9/16
  3720 | D:3      | Found a large runed translucent door.
  3720 | D:3      | Found a large runed translucent door.
  3722 | D:3      | Noticed Howlingfantods's ghost (weakling MiFi)
  4018 | D:3      | Noticed an orc warrior
  4810 | D:4      | Found a staircase to the Ecumenical Temple.
  4819 | Temple   | Entered the Ecumenical Temple
  5180 | Temple   | Became a worshipper of Gozag Ym Sagoz the Greedy
  5908 | D:4      | Reached XP level 7. HP: 32/32 MP: 3/17
  6180 | D:5      | Entered Level 5 of the Dungeon
  7142 | D:5      | Reached skill level 5 in Hexes
  7772 | D:6      | Reached skill level 10 in Stealth
  7913 | D:6      | Noticed Blork the orc
  7977 | D:6      | Killed Blork the orc
  8185 | D:6      | Reached XP level 8. HP: 36/36 MP: 17/21
  8250 | D:6      | Found a transporter.
  8257 | D:6      | Found a transporter.
  8257 | D:6      | Noticed An17's ghost (novice VSTm)
  8260 | D:6      | Noticed a hornet
  9002 | D:6      | Found an iron altar of Okawaru.
  9002 | D:6      | You fall into a shaft and drop 1 floor!
  9011 | D:7      | Found Caaset's Antique Weapon Shoppe.
  9301 | D:6      | Reached skill level 1 in Ice Magic
  9374 | D:6      | Noticed Eustachio
  9381 | D:6      | Killed Eustachio
  9381 | D:6      | Reached skill level 10 in Spellcasting
  9497 | D:6      | Noticed a queen bee
  9929 | D:7      | Reached skill level 1 in Fighting
 10141 | D:7      | Found Rofizi's General Store.
 10142 | D:7      | Reached XP level 9. HP: 22/42 MP: 24/24
 10144 | D:7      | Reached skill level 5 in Dodging
 10513 | D:7      | Killed from afar by an orc priest

Levels and vault maps discovered:
D:1:      roderic_octagonal_star, layout_basic
D:2:      minmay_chambers_of_ones, layout_rooms, first_ration
D:3:      layout_basic, ebering_ghost_disaster_area, portal_sewer_entry_e,
          kennysheep_generic_room_6, uniq_crazy_yiuf_cottage, uniq_terence,
          uniq_grinder
D:4:      layout_gridville, temple_statues
D:5:      layout_cave_pods
D:6:      layout_gridville, lemuel_round_altar, gammafunk_ghost_hive,
          uniq_blork_the_orc, uniq_eustachio
D:7:      layout_cave_pools, serial_shops, shop, kennysheep_mini_moat, shop,
          small_statue_intersection, chequers_serial_rivers_room_a
Temple:   compressed_dpeg_triangle_lava_temple

Skill      XL: |  1  2  3  4  5  6  7  8  9 |
---------------+----------------------------+-----
Spellcasting   | 3 4 6 8 10 | 10.0
Stealth        | 5 6 8 9 10 | 10.1
Hexes          | 4 5 |  5.0
Ice Magic      | 3 |  3.3
Fighting       | 2 |  2.5
Dodging        | 4 5 |  5.6
Short Blades   | |  1.1

Action                   |  1- 3 |  4- 6 |  7- 9 || total
-------------------------+-------+-------+-------++-------
Melee: Dagger            |   106 |   113 |   125 ||   344
Throw: Dart              |       |       |    20 ||    20
       Throwing net      |       |       |     1 ||     1
 Cast: Corona            |     4 |       |       ||     4
       Ensorcelled Hiber |    18 |    45 |    74 ||   137
       Confusing Touch   |       |     3 |     7 ||    10
       Dazzling Flash    |       |       |     1 ||     1
Invok: Potion Petition   |       |       |     1 ||     1
Evoke: Wand              |       |       |     5 ||     5
  Use: Scroll            |       |    13 |     1 ||    14
       Potion            |       |       |     1 ||     1
 Stab: Sleeping          |    21 |    31 |    59 ||   111
       Confused          |       |     1 |     6 ||     7
       Distracted        |       |       |     2 ||     2
       Invisible         |       |       |     1 ||     1
  Eat: Ration            |       |     1 |     3 ||     4
Armor: Robe              |    14 |     9 |     7 ||    30
Dodge: Dodged            |   115 |   110 |   140 ||   365

Table legend:
 A = Non-vault XP
 B = Vault XP
 C = Vault XP percentage of total XP
 D = Non-vault monster count
 E = Vault monster count
 F = Vault count percentage of total count
                 A         B        C        D         E       F
            +---------+---------+-------+---------+---------+-------
      Total |    2602 |     632 |  19.5 |     129 |      20 |  13.4
            +---------+---------+-------+---------+---------+-------
        D:1 |      36 |       0 |   0.0 |      16 |       0 |   0.0
        D:2 |      43 |       8 |  15.7 |      17 |       5 |  22.7
        D:3 |      82 |     345 |  80.8 |      19 |      13 |  40.6
        D:4 |     273 |       0 |   0.0 |      13 |       0 |   0.0
        D:5 |     321 |       0 |   0.0 |      12 |       0 |   0.0
        D:6 |    1074 |     279 |  20.6 |      26 |       2 |   7.1
        D:7 |     773 |       0 |   0.0 |      26 |       0 |   0.0
            +---------+---------+-------+---------+---------+-------
